 Dungeon Crawl Stone Soup version 0.28.0-53-g5a82cb258f (webtiles) character file.

Game seed: 15212875021454668038

938 Ijustatesigmund the Magician (level 8, -6/48 HPs)
             Began as an Octopode Venom Mage on July 15, 2022.
             Mangled by a gnoll sergeant
             ... wielding a +0 spear
              (7 damage)
             ... on level 6 of the Dungeon.
             The game lasted 00:16:43 (6584 turns).

Ijustatesigmund the Magician (Octopode Venom Mage)  Turns: 6584, Time: 00:16:43

Health: -6/48      AC:  8    Str:  7    XL:     8   Next: 12%
Magic:  9/14       EV: 13    Int: 19    God:
Gold:   161        SH:  0    Dex: 13    Spells: 10/16 levels left

rFire   . . .      SeeInvis .   b - +3 short sword (protect)
rCold   . . .      Faith    .   (no shield)
rNeg    . . .      Spirit   .   (helmet restricted)
rPois   .          Reflect  .   (no amulet)
rElec   .          Harm     .   (no ring)
rCorr   .          Rampage  .   (no ring)
Will    .....                   (no ring)
Stlth   +++.......              (no ring)
HPRegen 0.16/turn               (no ring)
MPRegen 0.14/turn               (no ring)
                                (no ring)
                                (no ring)

@: under a protective aura
A: almost no armour, amphibious, 8 rings, camouflage 1, gelatinous body 1,
(nimble swimmer 1), tentacles
a: no special abilities


You were on level 6 of the Dungeon.
You visited 1 branch of the dungeon, and saw 6 of its levels.

You collected 221 gold pieces.
You spent 60 gold pieces at shops.

Inventory:

Hand Weapons
 b - a +3 short sword of protection (weapon)
Missiles
 h - 2 curare-tipped darts
Wands
 k - a wand of acid (9)
Scrolls
 j - a scroll of immolation
Potions
 a - 2 potions of invisibility
 c - a potion of flight {unknown}
 d - a potion of cancellation {unknown}
 e - 2 potions of attraction {unknown}
 f - a potion of lignification {unknown}
 g - 3 potions of curing
 i - a potion of degeneration {unknown}
 n - a potion of magic {unknown}
 o - 2 potions of heal wounds
 p - a potion of mutation {unknown}
 r - a potion of berserk rage {unknown}


   Skills:
 + Level 1.2 Fighting
 + Level 1.2 Short Blades
 - Level 2.0 Dodging
 - Level 2.6 Stealth
 + Level 4.6 Spellcasting
 + Level 4.0 Conjurations
 + Level 3.9 Transmutations
 + Level 4.0 Air Magic
 - Level 4.1 Poison Magic


You had 10 spell levels left.
You knew the following spells:

 Your Spells              Type           Power      Damage    Failure   Level
a - Sting                 Tmut/Pois      76%        1d6       2%          1
b - Poisonous Vapours     Pois/Air       38%        N/A       3%          2
c - Mephitic Cloud        Conj/Pois/Air  19%        N/A       8%          3

Your spell library contained the following spells:

 Spells                   Type           Power      Damage    Failure   Level
 Wereblood                Tmut           19%        N/A       3%          2
 Spider Form              Tmut/Pois      19%        N/A       8%          3
 Ensorcelled Hibernation  Hex/Ice        8%         N/A       21%         2
 Sublimation of Blood     Necr           4%         N/A       21%         2
 Olgreb's Toxic Radiance  Pois           20%        N/A       24%         4
 Petrify                  Tmut/Erth      11%        N/A       50%         4
 Irradiate                Conj/Tmut      9%         3d17      56%         5
 Anguish                  Hex/Necr       2%         N/A       78%         4
 Summon Hydra             Summ           2%         N/A       100%        7


Dungeon Overview and Level Annotations

Branches:
Dungeon (6/15)
 Temple: D:4-7

Altars:
Wu Jian

Shops:
D:5 *


Innate Abilities, Weirdness & Mutations

You cannot wear most types of armour.
You are amphibious.
You can wear up to eight rings at the same time.
Your skin changes colour to match your surroundings (Stealth+).
Your rubbery body absorbs attacks. (AC +1, EV +1)
((You are camouflaged when in or above water. (Stealth+)))
You have tentacles for arms and can constrict up to eight enemies at once.


Message History

You grab the gnoll sergeant.
You squeeze the gnoll sergeant, but do no damage.
The gnoll sergeant is heavily wounded.
You constrict the gnoll sergeant, but do no damage.
The gnoll sergeant hits you with a +0 spear.
You hit the gnoll sergeant but do no damage.
The gnoll sergeant is heavily wounded.
You constrict the gnoll sergeant, but do no damage.
The gnoll sergeant completely misses you.
You hit the gnoll sergeant.
The gnoll sergeant is heavily wounded.
You constrict the gnoll sergeant, but do no damage.
The gnoll sergeant hits you with a +0 spear.
You hit the gnoll sergeant.
You squeeze the gnoll sergeant, but do no damage.
The gnoll sergeant is almost dead.
You constrict the gnoll sergeant, but do no damage.
The gnoll sergeant hits you with a +0 spear!
* * * LOW HITPOINT WARNING * * *
You hit the gnoll sergeant but do no damage.
The gnoll sergeant is almost dead.
You constrict the gnoll sergeant.
The gnoll sergeant hits you with a +0 spear.
* * * LOW HITPOINT WARNING * * *
You hit the gnoll sergeant.
You squeeze the gnoll sergeant, but do no damage.
The gnoll sergeant is almost dead.
You constrict the gnoll sergeant, but do no damage.
The gnoll sergeant hits you with a +0 spear!
* * * LOW HITPOINT WARNING * * *
Casting: Sting (safe; 2% risk of failure)
Confirm with . or Enter, or press ? or * to list all spells.
Aiming: Poisonous Vapours (safe; 3% risk of failure)
Press: ? - help, Dir - move target, f/p - gnoll sergeant
Aim: a gnoll sergeant, wielding a +0 spear and wearing a +0 ring mail (almost dead, constricted by you, very poisoned) Poisonous vapours surround the gnoll sergeant!
The gnoll sergeant looks even sicker.
You constrict the gnoll sergeant, but do no damage.
The gnoll sergeant hits you with a +0 spear!
You die...

##........
#.........
##.........
#..$......! #
#.......... ###
##..))....). #.#
#......g.... #.#
##g###...g... #.#
#@.# ###g... #.#
#####)## #...
#.##########...).#
##.
#............###..#
##......###### ##.#
...###### ..# .###
#.# ..## .. ...###
#..


You could see a gnoll sergeant (very poisoned).

Vanquished Creatures
  Pikel (D:4)
  4 lemures (D:4)
  A bullfrog zombie (D:5)
  Crazy Yiuf (D:4)
  3 jellies (D:5)
  A centaur skeleton (D:4)
  An iguana (D:4)
  3 orc wizards
  2 hound skeletons
  9 gnolls
  4 adders
  A white imp (D:3)
  An ufetubus (D:5)
  4 worms
  A dart slug (D:2)
  9 orcs
  7 ball pythons
  12 endoplasms
  A giant cockroach (D:4)
  12 goblins
  5 hobgoblins
  4 jackals (D:3)
  2 quokkas
  3 bats
  4 frilled lizards
  6 kobolds
  A rat (D:1)
103 creatures vanquished.

Vanquished Creatures (others)
  A fungus (D:4)
1 creature vanquished.

Grand Total: 104 creatures vanquished

Notes
Turn   | Place    | Note
-------+----------+-------------------------------------------
     0 | D:1      | Ijustatesigmund the Octopode Venom Mage began the quest for
                  | the Orb.
     0 | D:1      | Reached XP level 1. HP: 11/11 MP: 3/3
     2 | D:1      | Noticed a merfolk
     2 | D:1      | Noticed an octopode
     4 | D:1      | Noticed a demigod
     4 | D:1      | Noticed a troll
     6 | D:1      | Noticed a gargoyle
     8 | D:1      | Noticed a draconian
     8 | D:1      | Noticed a naga
    10 | D:1      | Noticed a human
    12 | D:1      | Noticed a minotaur
    12 | D:1      | Noticed a felid
    14 | D:1      | Noticed a dwarf
    14 | D:1      | Noticed a ghoul
    16 | D:1      | Noticed a vine stalker
    16 | D:1      | Noticed a tengu
    18 | D:1      | Noticed a demonspawn
    20 | D:1      | Noticed a vampire
    20 | D:1      | Noticed an elf
    22 | D:1      | Noticed a formicid
    22 | D:1      | Noticed an ogre
    26 | D:1      | Noticed a spriggan
   469 | D:1      | Reached XP level 2. HP: 17/17 MP: 3/5
   597 | D:1      | Learned a level 2 spell: Poisonous Vapours
  1157 | D:1      | Reached XP level 3. HP: 21/21 MP: 3/6
  1210 | D:1      | Learned a level 3 spell: Mephitic Cloud
  1398 | D:2      | Identified the +3 leather armour of Okuj {Harm rElec Str-3
                  | Dex-2}
  1491 | D:2      | Found an ornate altar of the Wu Jian Council.
  2228 | D:3      | Reached XP level 4. HP: 27/27 MP: 6/8
  2232 | D:3      | Reached skill level 1 in Conjurations
  2232 | D:3      | Reached skill level 1 in Air Magic
  2790 | D:3      | Found a faded altar of an unknown god.
  2812 | D:3      | Reached XP level 5. HP: 23/31 MP: 9/9
  3850 | D:4      | Reached XP level 6. HP: 21/36 MP: 11/11
  4384 | D:4      | Noticed Pikel
  4551 | D:4      | Killed Pikel
  4552 | D:4      | Reached XP level 7. HP: 11/41 MP: 3/13
  5278 | D:4      | Found a runed translucent door.
  5279 | D:4      | Noticed Crazy Yiuf
  5294 | D:4      | Killed Crazy Yiuf
  5724 | D:5      | Entered Level 5 of the Dungeon
  5859 | D:5      | Found Hafrac's General Store.
  5880 | D:5      | Bought a potion of heal wounds for 60 gold pieces
  6068 | D:5      | Reached skill level 1 in Fighting
  6068 | D:5      | Reached skill level 1 in Short Blades
  6068 | D:5      | Reached XP level 8. HP: 47/48 MP: 14/14
  6155 | D:5      | Noticed a hornet
  6583 | D:6      | HP: 1/48 [gnoll sergeant/+0 spear (9)]
  6584 | D:6      | Mangled by a gnoll sergeant

Illustrated notes

Levels and vault maps discovered:
D:1:      kb_arrival_jail, layout_rooms
D:2:      layout_rooms, basic_altar, minmay_pentomino_w2
D:3:      layout_rooms, hellmonk_ecumenical_altar_dog_temple
D:4:      layout_basic, grunt_decor_arrowhead, uniq_crazy_yiuf_cottage,
          uniq_pikel
D:5:      layout_basic, temple_hall, serial_shops, nicolae_square_shop,
          minmay_crystal_water, hangedman_decor_growths
D:6:      layout_cave_pods, nicolae_overflow_hidden_temple,
          serial_bayou_crossing, uniq_maggie

Skill      XL: |  1  2  3  4  5  6  7  8 |
---------------+-------------------------+-----
Poison Magic   | 4 |  4.1
Conjurations   | 1 2 3 4 |  4.0
Air Magic      | 1 2 3 4 |  4.0
Spellcasting   | 3 4 |  4.6
Transmutations | 2 3 |  3.9
Fighting       | 1 |  1.2
Short Blades   | 1 |  1.2
Dodging        | |  2.0
Stealth        | |  2.6

Action                   |  1- 3 |  4- 6 |  7- 9 || total
-------------------------+-------+-------+-------++-------
Melee: Dagger            |     8 |       |       ||     8
       Unarmed           |     2 |       |       ||     2
       Tentacles         |     5 |    27 |    13 ||    45
       Short sword       |    32 |   101 |    52 ||   185
       Constrict         |     5 |    22 |    10 ||    37
       Punch             |       |     3 |     4 ||     7
 Cast: Sting             |    39 |    39 |    19 ||    97
       Poisonous Vapours |       |    11 |     4 ||    15
       Mephitic Cloud    |       |     1 |     4 ||     5
  Use: Scroll            |     2 |     1 |     4 ||     7
       Potion            |       |     1 |       ||     1
 Stab: Sleeping          |     4 |     4 |     3 ||    11
       Distracted        |       |     1 |       ||     1
       Confused          |       |       |     1 ||     1
Armor: Skin              |     2 |    33 |    17 ||    52
Dodge: Dodged            |    27 |    96 |    56 ||   179
